 Dungeon Crawl Stone Soup version 0.25-a0-435-g4b9beb1024 (webtiles) character file.

Game seed: 3989541269237170009, levelgen mode: deterministic

1383 digijack the Skirmisher (level 8, -7/79 HPs)
             Began as a Troll Fighter on Jan 27, 2020.
             Was a Follower of Cheibriados.
             Killed from afar by Ijyb (11 damage)
             ... with a bolt of acid
             ... on level 5 of the Dungeon.
             The game lasted 00:17:22 (4038 turns).

digijack the Skirmisher (Troll Fighter)             Turns: 4038, Time: 00:17:23

Health: -7/79      AC:  0    Str: 30    XL:     8   Next: 40%
Magic:  9/9        EV: 12    Int:  7    God:    Cheibriados [*.....]
Gold:   188        SH:  0    Dex: 12    Spells: 7/7 levels left

rFire    . . .     SeeInvis .   p - +0 giant spiked club
rCold    . . .     Gourm    +   (shield currently unavailable)
rNeg     . . .     Faith    .   b - +0 robe
rPois    .         Spirit   .   (helmet restricted)
rElec    .         Reflect  .   m - +1 cloak
rCorr    .         Harm     .   (gloves unavailable)
MR       .....                  (boots unavailable)
Stlth    +.........             (no amulet)
HPRegen  0.63/turn              (no ring)
MPRegen  0.11/turn              (no ring)

@: corroded, very slow
A: large, unfitting armour, claws 3, fast metabolism 3, gourmand, regeneration
1, shaggy fur 1, tough skin 3
a: Bend Time, Renounce Religion


You were on level 5 of the Dungeon.
You worshipped Cheibriados.
Cheibriados was aware of your devotion.
You were not hungry.

You visited 1 branch of the dungeon, and saw 5 of its levels.

You collected 188 gold pieces.

Inventory:

Hand Weapons
 p - a +0 giant spiked club (weapon)
Missiles
 e - 125 stones (quivered)
Armour
 b - a +0 robe (worn)
 m - a +1 cloak (worn)
Scrolls
 c - a scroll of remove curse
 i - 3 scrolls of teleportation
Potions
 a - a potion of degeneration {unknown}
 d - a potion of invisibility {unknown}
 g - a potion of agility
 j - a potion of cancellation
 k - 2 potions of brilliance
 n - 2 potions of curing
 o - a potion of resistance {unknown}
 q - a potion of mutation {unknown}
Comestibles
 f - 12 rations


   Skills:
 + Level 4.9 Fighting
 + Level 4.9 Maces & Flails
 + Level 4.9 Dodging
   Level 4.0 Shields
 + Level 2.9 Invocations


You had 7 spell levels left.
You didn't know any spells.
Your spell library contained the following spells:

 Spells                   Type           Power        Failure   Level  Hunger
 Animate Skeleton         Necr           N/A          43%         1    ##.....
 Apportation              Tloc           #.....       43%         1    ##.....
 Corona                   Hex            #......      43%         1    ##.....
 Summon Small Mammal      Summ           #...         43%         1    ##.....


Dungeon Overview and Level Annotations

Branches:
Dungeon (5/15)
 Temple: D:4-7

Altars:
Ashenzari
Cheibriados
Hepliaklqana
Nemelex Xobeh
Trog
Xom

Shops:
D:5 **

Annotations:
D:4 3 runed translucent doors, bmj180's ghost, amateur DrCj
D:5 Ijyb


Innate Abilities, Weirdness & Mutations

You are too large for most types of armour.
You have claws for hands.
Your metabolism is lightning-fast.
You like to eat raw meat.
Your natural rate of healing is unusually fast.
You are covered in fur. (AC +1)
You have extremely tough skin. (AC +3)


Message History

Ijyb is heavily wounded.
Ijyb zaps a wand.
The bolt of acid hits you! The acid corrodes you!
You are splashed with acid!
An adder comes into view.
Ijyb hits you but does no damage.
You closely miss Ijyb.
Ijyb is heavily wounded.
The adder hisses angrily.
Ijyb barely misses you.
You closely miss Ijyb.
Ijyb is heavily wounded.
Ijyb barely misses you.
Ijyb zaps a wand.
The bolt of acid hits you. The acid corrodes you!
You are splashed with acid!!
* * * LOW HITPOINT WARNING * * *
You sock Ijyb!
Ijyb is almost dead.
Ijyb hits you with a +0 dagger.
* * * LOW HITPOINT WARNING * * *
Ijyb zaps a wand.
The bolt of acid hits you!
You die...

#####.#<)...# #.#
....#.####### #.#
###.#........ #.#
#<#.#..#########.#
#.#.#..#.......#.#
#.#.#..#.#####.#.#######
#.#.#..#.#.............#
............>#.#.#####.#
#.#.#..#.#.#.#.#@#
#.#.#.###### #.#g....#
#.#.#.# #.....###
#.#.#.# #....... #...#.#
#.####### .###### #.
...... .. #.#### .# ..#


You could see Ijyb.

Vanquished Creatures
  Grinder (D:3)
  A hungry ghost (D:5)
  Menkaure (D:4)
  An orc warrior (D:3)
  3 ogres
  A bullfrog (D:5)
  A scorpion (D:5)
  A howler monkey (D:5)
  2 hounds
  2 orc priests (D:2)
  Crazy Yiuf (D:3)
  An iguana (D:5)
  An orc wizard (D:4)
  4 worker ants (D:4)
  3 gnolls (D:4)
  7 adders
  3 oozes
  4 worms
  An adder skeleton (D:4)
  3 dart slugs
  3 leopard geckos
  9 orcs
  7 bats
  13 goblins
  4 hobgoblins
  4 jackals (D:4)
  2 kobolds
  6 frilled lizards
  10 rats
100 creatures vanquished.

Notes
Turn   | Place    | Note
-------+----------+-------------------------------------------
     0 | D:1      | digijack the Troll Fighter began the quest for the Orb.
     0 | D:1      | Reached XP level 1. HP: 22/22 MP: 0/0
    63 | D:1      | Reached XP level 2. HP: 29/29 MP: 1/1
   908 | D:2      | Reached XP level 3. HP: 27/36 MP: 2/2
  1776 | D:3      | Reached XP level 4. HP: 40/44 MP: 3/3
  1806 | D:3      | Found a shimmering altar of Xom.
  1969 | D:3      | Noticed Grinder
  1977 | D:3      | Paralysed by Grinder for 3 turns
  1983 | D:3      | HP: 2/45 [Grinder (2)]
  1991 | D:3      | Killed Grinder
  1991 | D:3      | Reached XP level 5. HP: 20/53 MP: 4/4
  1991 | D:3      | Reached XP level 6. HP: 23/61 MP: 5/5
  2110 | D:3      | Noticed an orc warrior
  2118 | D:3      | Killed an orc warrior
  2168 | D:3      | Found a runed translucent door.
  2169 | D:3      | Noticed Crazy Yiuf
  2189 | D:3      | Killed Crazy Yiuf
  2495 | D:3      | Found a snail-covered altar of Cheibriados.
  2495 | D:3      | Found a sparkling altar of Nemelex Xobeh.
  2521 | D:3      | Found a shattered altar of Ashenzari.
  2533 | D:3      | Reached XP level 7. HP: 66/68 MP: 6/6
  2549 | D:3      | Found a hazy altar of Hepliaklqana.
  2574 | D:3      | Became a worshipper of Cheibriados the Contemplative
  2690 | D:4      | Found a runed translucent gate.
  2692 | D:4      | Found a runed translucent gate.
  2711 | D:4      | Noticed a wyvern
  2711 | D:4      | Noticed bmj180's ghost (amateur DrCj)
  2712 | D:4      | Found a runed translucent gate.
  2831 | D:4      | Reached skill level 1 in Invocations
  3230 | D:4      | Found a bloodstained altar of Trog.
  3292 | D:4      | Reached * piety under Cheibriados
  3527 | D:5      | Entered Level 5 of the Dungeon
  3555 | D:5      | Noticed a hungry ghost
  3574 | D:5      | Noticed Menkaure
  3589 | D:5      | Killed a hungry ghost
  3589 | D:5      | Reached XP level 8. HP: 43/79 MP: 8/8
  3747 | D:4      | Killed Menkaure
  3866 | D:5      | Found Vihiew Agasm's General Store.
  3881 | D:5      | Found Didif Piun's General Store.
  4028 | D:5      | Noticed Ijyb
  4038 | D:5      | Killed from afar by Ijyb

Levels and vault maps discovered:
D:1:      minmay_arrival_four_circles, layout_basic
D:2:      layout_loops_ring, first_ration, roderic_nine_men_s_morris,
          amethyst_killhole
D:3:      layout_rooms, lemuel_doored_altar, grunt_temple_overflow_cloverleaf,
          uniq_grinder, uniq_crazy_yiuf_cottage
D:4:      layout_loops_ring, kennysheep_little_box, gammafunk_ghost_split
D:5:      layout_basic, grunt_qazlal_clouds, lemuel_blue_sif_altar,
          serial_shops, nicolae_shop_statue_plus, shop, nicolae_shop_trees,
          shop, minmay_a_box_with_orc_wizards_in_it, uniq_menkaure, uniq_ijyb

Skill      XL: |  1  2  3  4  5  6  7 |
---------------+----------------------+-----
Maces & Flails | 2 3 4 |  4.9
Fighting       | 3 4 |  4.9
Dodging        | 3 4 |  4.9
Shields        | 3 4 |  4.0
Invocations    | 2 |  2.9

Action                   |  1- 3 |  4- 6 |  7- 9 || total
-------------------------+-------+-------+-------++-------
Melee: Flail             |   161 |   126 |    37 ||   324
       Giant spiked club |       |       |   157 ||   157
  Use: Scroll            |     8 |     2 |     2 ||    12
       Potion            |       |     1 |     4 ||     5
  Eat: Chunk             |    22 |     8 |    16 ||    46
       Ration            |       |       |     1 ||     1
Armor: Robe              |    80 |    54 |    99 ||   233
Dodge: Dodged            |    57 |    46 |   152 ||   255
Block: Shield            |    67 |    74 |    17 ||   158

Table legend:
 A = Non-vault XP
 B = Vault XP
 C = Vault XP percentage of total XP
 D = Non-vault monster count
 E = Vault monster count
 F = Vault count percentage of total count
                 A         B        C        D         E       F
            +---------+---------+-------+---------+---------+-------
      Total |    1497 |     479 |  24.2 |      97 |       3 |   3.0
            +---------+---------+-------+---------+---------+-------
        D:1 |      37 |       0 |   0.0 |      16 |       0 |   0.0
        D:2 |     116 |       0 |   0.0 |      20 |       0 |   0.0
        D:3 |     301 |     307 |  50.5 |      29 |       2 |   6.5
        D:4 |     521 |     172 |  24.8 |      24 |       1 |   4.0
        D:5 |     522 |       0 |   0.0 |       8 |       0 |   0.0
            +---------+---------+-------+---------+---------+-------
